Map: Lost and Found LE

Players

Rogue

  • Race: Zerg Zerg
  • Spawn Location: 7:00

TYTY (TY) - Winner!

  • Race: Terran Terran
  • Spawn Location: 1:00

Event: 2018 WCS Global Finals

VOD

Have the link to the VOD?

Description

Time

  • Played on: Nov. 2, 2018, 7:05 p.m.
  • Length: 30:59

All games in this series

Show
View Real Time Build Order
Export as new Build Order

Rogue Zerg 

Build Orders: Hatch First, Muta Ling Bane 

Get SALT Encoding   

  12  0:00  Drone  
  13  0:12  Overlord  
  13  0:16  Drone  
  14  0:30  Drone x2  
  16  0:47  Hatchery  
  15  0:50  Drone  
  15  0:54  Drone  
  17  0:57  Drone  
  18  1:08  Extractor  
  17  1:12  Spawning Pool  
  17  1:15  Drone  
  17  1:18  Drone  
  18  1:28  Drone  
  19  1:39  Drone  
  20  1:45  Hatchery  
  19  1:49  Drone  
  20  2:02  Zergling x2  
  20  2:03  Queen  
  20  2:04  Zergling x2  
  24  2:17  Zergling x2  
  25  2:23  Metabolic Boost  
  25  2:28  Drone  
  25  2:35  Drone x2  
  27  2:43  Overlord  
  27  2:48  Drone  
  28  2:59  Queen  
  28  3:02  Drone x3  
  28  3:05  Drone  
  34  3:08  Drone  
  34  3:09  Drone  
  36  3:16  Drone x2  
  36  3:18  Drone  
  36  3:19  Drone  
  40  3:22  Drone  
  40  3:26  Overlord  
  41  3:30  Drone  
  42  3:36  Overlord  
  42  3:46  Drone x6  
  42  3:48  Queen  
  50  3:54  Overlord  
  50  3:59  Overlord  
  50  4:01  Drone x2, Queen  
  54  4:09  Drone x2  
  56  4:17  Drone  
  56  4:18  Drone x3, Queen  
  56  4:21  Drone x4  
  56  4:22  Drone  
  66  4:25  Roach Warren  
  66  4:29  Drone  
  66  4:31  Drone  
  67  4:35  Lair  
  67  4:36  Extractor  
  67  4:37  Extractor  
  65  4:40  Zergling x6  
  65  4:43  Overlord  
  68  4:50  Spore Crawler, Extractor x2  
  68  4:52  Drone x3  
  68  4:53  Drone x5  
  68  4:58  Overlord  
  68  4:59  Evolution Chamber  
  72  5:00  Evolution Chamber  
  72  5:03  Drone x4  
  72  5:05  Overlord  
  75  5:11  Spore Crawler  
  75  5:13  Zergling x4  
  76  5:14  Overlord  
  76  5:20  Drone x2  
  76  5:21  Drone  
  79  5:23  Extractor  
  78  5:31  Drone x5  
  78  5:32  Drone x2  
  86  5:35  Drone x2  
  86  5:36  Drone x2  
  86  5:42  Baneling Nest, Overlord  
  88  5:46  Zerg Ground Armor Level 1  
  88  5:47  Zerg Melee Weapons Level 1  
  88  5:50  Hatchery  
  88  5:54  Drone  
  92  5:57  Roach x3  
  92  5:59  Roach  
  92  6:01  Overlord  
  92  6:02  Overseer  
  96  6:07  Overlord  
  96  6:11  Zergling x2  
  96  6:12  Zergling x14  
  96  6:17  Overlord  
  104  6:22  Spire  
  103  6:26  Zergling x8  
  103  6:31  Ravager x2  
  103  6:32  Ravager x2  
  110  6:34  Centrifical Hooks  
  110  6:35  Hatchery  
  110  6:37  Zergling x10  
  110  6:38  Zergling x2  
  115  6:44  Overlord  
  115  6:48  Overlord x2  
  115  6:49  Zergling x2  
  116  7:00  Baneling x2  
  116  7:01  Baneling x8, Extractor  
  116  7:02  Zergling x18  
  122  7:10  Drone x4  
  126  7:16  Overlord  
  119  7:28  Queen  
  112  7:38  Mutalisk x4  
  112  7:39  Mutalisk x6  
  112  7:43  Zerg Melee Weapons Level 2  
  131  7:44  Drone x5, Evolution Chamber  
  131  7:45  Drone x2  
  131  7:46  Zergling x4  
  138  7:52  Zergling x10  
  138  7:58  Mutalisk x3  
  143  8:05  Zergling x10  
  150  8:06  Zergling x2  
  150  8:09  Baneling x3  
  150  8:10  Baneling x5  
  155  8:13  Overlord  
  155  8:16  Zergling x2  
  155  8:18  Zergling x12  
  157  8:21  Baneling x4  
  141  8:39  Zergling x30  
  141  8:41  Baneling x7  
  139  8:42  Zergling x2  
  139  8:43  Zergling x2  
  139  8:47  Mutalisk  
  131  8:51  Mutalisk x4  
  131  8:53  Zergling x2  
  136  9:06  Zerg Ground Armor Level 2  
  136  9:11  Mutalisk  
  136  9:12  Zergling x2  
  136  9:13  Zergling x6  
  136  9:14  Hatchery  
  141  9:22  Zergling x2  
  141  9:23  Zergling x8  
  146  9:24  Mutalisk  
  146  9:25  Mutalisk  
  146  9:26  Mutalisk  
  146  9:30  Zergling x2  
  146  9:31  Zergling x10  
  158  9:42  Zerg Flyer Weapons Level 1  
  158  9:44  Overlord  
  158  9:45  Zergling x16  
  166  9:49  Zergling x2  
  166  9:56  Mutalisk  
  166  9:57  Overlord x2  
  160  10:07  Zergling x2  
  160  10:08  Zergling x10  
  160  10:11  Zergling x2  
  160  10:13  Mutalisk x2  
  160  10:14  Mutalisk x2  
  173  10:28  Hatchery  
  173  10:35  Baneling x3  
  172  10:36  Zergling x6  
  172  10:37  Zergling x10  
  180  10:43  Zergling x6  
  180  10:44  Zergling x6  
  180  10:48  Zergling x10  
  191  10:52  Zergling x4  
  191  10:55  Zergling x2  
  192  11:01  Zergling x8  
  191  11:06  Zergling x14  
  191  11:09  Zergling x2  
  195  11:15  Zergling x2  
  195  11:16  Zergling x2  
  195  11:17  Baneling x8  
  197  11:21  Zergling x4  
  197  11:23  Zergling x2  
  182  11:26  Zergling x2  
  182  11:27  Zergling x6  
  182  11:28  Zergling x20  
  190  11:36  Zerg Flyer Armor Level 1, Burrow  
  190  11:52  Mutalisk x4  
  197  11:56  Hatchery  
  196  12:05  Mutalisk x3  
  196  12:06  Overlord  
  195  12:18  Baneling x15  
  195  12:19  Hatchery  
  194  12:27  Baneling x9  
  194  12:28  Baneling x12  
  194  12:30  Baneling x8  
  193  12:39  Zergling x12  
  199  12:46  Hatchery  
  199  12:47  Infestation Pit  
  197  12:57  Baneling  
  197  12:58  Baneling x12  
  195  12:59  Zergling x6  
  195  13:00  Zergling x2  
  195  13:05  Zergling x2  
  193  13:06  Zergling x2  
  193  13:09  Zergling x8  
  191  13:23  Zergling x6  
  191  13:24  Zergling x12  
  199  13:27  Zergling x2  
  200  13:36  Drone  
  200  13:37  Drone  
  200  13:44  Hatchery, Overseer x2  
  200  13:45  Overseer  
  184  13:56  Drone x3  
  184  13:57  Drone  
  184  13:59  Hive  
  184  14:02  Drone x2  
  190  14:03  Drone x2  
  190  14:06  Baneling  
  190  14:07  Baneling x9  
  190  14:10  Zergling x10  
  195  14:19  Zergling x10  
  195  14:21  Hatchery  
  195  14:23  Zergling x2  
  192  14:31  Zergling x2  
  192  14:32  Zergling x14  
  192  14:33  Pneumatized Carapace  
  200  14:42  Zergling x2  
  200  14:43  Zergling x4  
  200  14:45  Zergling x2  
  198  14:53  Zergling x4  
  198  14:57  Zergling x2  
  198  14:59  Zergling x6  
  198  15:03  Zergling x4  
  198  15:04  Zergling x8  
  173  15:15  Hatchery  
  173  15:16  Zergling x4  
  173  15:17  Zergling x18  
  173  15:19  Drone  
  173  15:20  Drone x4  
  184  15:22  Zergling x6  
  184  15:23  Zergling x14  
  184  15:28  Greater Spire  
  194  15:29  Corruptor x2  
  194  15:30  Corruptor  
  200  15:38  Adrenal Glands  
  200  15:42  Zerg Ground Armor Level 3  
  200  15:48  Baneling  
  200  15:49  Baneling x6  
  196  15:57  Zergling x8  
  196  16:00  Baneling x13  
  182  16:07  Zergling x8  
  182  16:10  Zergling x2  
  153  16:19  Zergling x2  
  153  16:20  Zergling x16  
  153  16:21  Zergling x2  
  153  16:23  Baneling x5  
  158  16:31  Zergling x14  
  148  16:36  Zergling x6  
  139  16:43  Zergling x2  
  127  16:50  Brood Lord x3  
  127  16:51  Viper  
  127  16:52  Viper  
  138  16:59  Viper x2  
  144  17:16  Zerg Flyer Armor Level 2  
  144  17:18  Baneling x5  
  144  17:19  Baneling x3  
  144  17:20  Hatchery  
  144  17:22  Drone  
  142  17:29  Baneling x7  
  142  17:30  Zergling x16  
  142  17:36  Corruptor  
  152  17:48  Corruptor x2  
  152  17:49  Zergling x2  
  152  17:50  Zergling x12  
  152  17:51  Zergling x2  
  164  17:58  Baneling  
  164  17:59  Baneling  
  164  18:03  Drone x5  
  164  18:04  Drone, Baneling x6  
  170  18:14  Zergling x6  
  170  18:16  Zergling x2  
  158  18:29  Zergling x2  
  152  18:39  Zergling x14  
  152  18:40  Zergling x2  
  150  18:46  Zergling x8  
  150  18:47  Zergling x10  
  151  18:49  Zergling x2  
  151  18:55  Zerg Melee Weapons Level 3  
  152  19:06  Brood Lord x2, Corruptor  
  157  19:20  Baneling x4  
  157  19:22  Corruptor  
  159  19:27  Hatchery  
  159  19:29  Baneling  
  159  19:30  Baneling x3, Extractor  
  157  19:44  Brood Lord, Zergling x2  
  157  19:45  Zergling x24  
  164  19:46  Zergling x2  
  164  19:50  Drone  
  164  19:51  Spore Crawler  
  164  19:52  Drone  
  155  19:55  Drone x2  
  155  19:59  Drone x2  
  159  20:02  Drone  
  159  20:07  Baneling  
  159  20:25  Drone x11  
  167  20:42  Zergling x4  
  166  20:43  Zergling x16  
  169  20:52  Baneling x11  
  169  20:56  Baneling x3  
  169  20:57  Baneling x2  
  167  21:07  Zergling x2  
  167  21:08  Zergling x10  
  164  21:13  Extractor  
  164  21:14  Drone x2  
  157  21:27  Zergling x4  
  157  21:28  Zergling x12  
  157  21:50  Hatchery  
  157  21:51  Corruptor x2  
  160  21:56  Drone x4  
  164  22:06  Corruptor x2  
  166  22:12  Corruptor  
  166  22:14  Baneling  
  166  22:15  Baneling  
  166  22:26  Zergling x2  
  166  22:27  Zergling x4  
  169  22:36  Overlord  
  169  22:38  Brood Lord  
  169  22:39  Drone  
  169  22:41  Extractor  
  169  22:43  Overlord  
  169  22:44  Overlord x3  
  171  23:00  Unknown x3  
  171  23:01  Unknown  
  164  23:09  Corruptor x2  
  152  23:13  Corruptor  
  152  23:14  Zergling x2  
  152  23:15  Zergling x16  
  144  23:25  Overseer  
  140  23:27  Zergling x2  
  140  23:28  Zergling x4  
  140  23:30  Overseer  
  140  23:31  Overseer x2  
  140  23:32  Spore Crawler  
  140  23:33  Spore Crawler x2  
  140  23:52  Corruptor x2  
  140  23:53  Corruptor  
  140  23:54  Zergling x14  
  150  24:04  Corruptor  
  150  24:05  Zergling x10  
  152  24:20  Corruptor x2  
  152  24:22  Zergling x14  
  160  24:29  Drone, Extractor  
  160  24:30  Drone x4, Extractor  
  162  24:37  Brood Lord  
  164  24:41  Drone  
  164  24:42  Drone  
  166  24:47  Brood Lord  
  168  24:57  Baneling x5  
  168  24:58  Zergling x2  
  168  24:59  Zergling x16  
  177  25:02  Overlord  
  175  25:07  Overseer  
  175  25:10  Overlord  
  175  25:14  Brood Lord  
  174  25:22  Overseer  
  174  25:34  Brood Lord x2  
  178  25:36  Spore Crawler, Spine Crawler  
  178  25:41  Zergling x14  
  183  25:44  Overseer  
  183  25:55  Overseer  
  174  26:12  Zergling x16  
  177  26:20  Unknown x2  
  177  26:21  Overseer  
  177  26:22  Unknown  
  157  26:26  Zergling x2  
  157  26:27  Zergling x36  
  157  26:28  Drone  
  157  26:29  Queen  
  174  26:42  Drone x3  
  177  26:52  Baneling x11  
  177  26:53  Baneling x5  
  177  26:55  Hatchery  
  176  27:07  Corruptor x4  
  173  27:26  Corruptor x5  
  183  27:33  Overseer  
  183  27:37  Ultralisk Cavern  
  183  27:43  Baneling x14  
  182  27:50  Corruptor  
  184  27:56  Zerg Flyer Weapons Level 2  
  182  28:01  Unknown, Overseer  
  182  28:03  Zergling x8  
  168  28:22  Baneling  
  168  28:23  Baneling x8  
  166  28:30  Brood Lord x3  
  172  28:35  Corruptor  
  172  28:41  Baneling x5  
  174  28:47  Zergling x12  
  180  28:54  Overlord x2  
  179  29:09  Unknown x2  
  175  29:10  Unknown  
  175  29:16  Zergling x26  
  165  29:23  Overlord  
  151  29:24  Corruptor  
  153  29:34  Corruptor  
  145  29:47  Zergling x6  
  145  29:48  Zergling x10  
  145  29:49  Baneling Nest  
  152  29:59  Zergling x2  
  146  30:00  Zergling x4  
  147  30:09  Zergling x4  
  147  30:10  Zergling x8  
  153  30:26  Zergling x12  
Show
View Real Time Build Order
Export as new Build Order

TYTY Terran - Winner!

Build Orders: Reaper Expand 

Get SALT Encoding   

  12  0:00  SCV  
  13  0:12  SCV  
  14  0:17  Supply Depot  
  14  0:24  SCV  
  15  0:41  SCV, Barracks  
  16  0:48  Refinery  
  16  0:53  SCV  
  17  1:05  SCV  
  18  1:18  SCV  
  19  1:30  Orbital Command  
  19  1:31  Reaper  
  20  1:42  Command Center  
  20  1:49  Bunker  
  20  1:55  SCV  
  20  2:00  Supply Depot  
  21  2:03  Marine  
  21  2:07  SCV  
  23  2:22  SCV  
  24  2:24  Factory  
  24  2:34  SCV  
  25  2:46  SCV  
  26  2:51  Command Center  
  26  2:55  Orbital Command  
  26  2:58  SCV  
  27  3:07  Factory Reactor  
  27  3:10  SCV  
  28  3:15  Starport, Refinery  
  28  3:23  SCV  
  28  3:24  SCV  
  30  3:35  SCV  
  30  3:37  SCV  
  32  3:43  Hellion x2, Supply Depot  
  32  3:47  SCV  
  37  3:49  SCV  
  37  3:51  Starport Tech Lab  
  38  3:59  SCV  
  38  4:01  SCV  
  40  4:04  Marine  
  40  4:05  Hellion x2, Orbital Command  
  45  4:11  Raven, SCV  
  45  4:13  SCV  
  49  4:21  Supply Depot  
  49  4:23  SCV  
  50  4:25  Barracks Tech Lab  
  50  4:26  Hellion x2  
  50  4:29  SCV  
  55  4:33  SCV  
  55  4:35  SCV  
  55  4:36  Barracks  
  57  4:39  Barracks  
  57  4:41  SCV  
  57  4:44  Marine  
  57  4:45  SCV  
  60  4:46  Stimpack  
  60  4:47  SCV  
  60  4:51  Engineering Bay  
  60  4:52  Engineering Bay  
  61  4:56  SCV  
  61  4:57  SCV  
  63  5:00  SCV, Starport Reactor  
  63  5:02  Refinery  
  63  5:03  Refinery  
  63  5:04  Siege Tank, Marine  
  68  5:08  SCV  
  68  5:10  Supply Depot  
  70  5:14  Orbital Command  
  69  5:25  Marine  
  69  5:26  Barracks  
  69  5:27  Barracks  
  70  5:31  SCV x2  
  70  5:32  Terran Infantry Weapons Level 1  
  70  5:35  Terran Infantry Armor Level 1  
  71  5:38  Marine x2  
  71  5:40  SCV  
  71  5:42  Supply Depot, Marine x2  
  76  5:43  Marine, SCV  
  76  5:46  Siege Tank, Supply Depot  
  81  5:51  Starport Reactor  
  81  5:56  Supply Depot, Marine x2  
  83  5:57  SCV  
  83  5:58  Refinery, SCV  
  83  6:00  Supply Depot  
  83  6:03  SCV, Marine x2  
  83  6:04  Marine, Armory  
  88  6:09  SCV  
  88  6:10  SCV  
  91  6:14  Marine x2  
  91  6:16  Barracks Reactor x2, Supply Depot  
  93  6:21  Marine  
  93  6:22  SCV  
  93  6:23  Marine x2, SCV  
  101  6:29  Medivac x2  
  101  6:32  Marine x2  
  104  6:37  Siege Tank  
  104  6:38  Supply Depot, SCV  
  104  6:39  Marine, SCV x2  
  111  6:40  Supply Depot  
  111  6:45  Marine  
  111  6:46  Combat Shield  
  113  6:51  SCV  
  113  6:52  Marine x3  
  113  6:53  Supply Depot, Marine x3  
  119  6:54  Marine  
  119  6:59  Medivac x2  
  119  7:00  Marine  
  125  7:06  Supply Depot  
  125  7:07  Marine  
  126  7:08  SCV  
  126  7:09  Marine, SCV x2  
  126  7:10  Siege Tank  
  126  7:13  Marine x2, Marauder  
  137  7:18  Marine x2  
  136  7:28  Marine x4  
  136  7:29  SCV  
  139  7:30  SCV  
  139  7:33  Terran Infantry Weapons Level 2  
  139  7:36  Marine  
  139  7:37  Marine  
  139  7:38  Terran Infantry Armor Level 2  
  140  7:46  Marine x2  
  140  7:47  Command Center  
  142  7:52  Marine x4  
  142  7:54  Marauder  
  142  7:56  SCV x2  
  149  8:06  Marine x2  
  149  8:10  Medivac x2  
  155  8:16  Supply Depot  
  155  8:18  Unknown  
  155  8:20  Missile Turret  
  155  8:22  Barracks  
  155  8:23  Barracks  
  155  8:25  Siege Tank  
  156  8:31  Marine x4  
  156  8:32  Marauder  
  146  8:39  SCV x2  
  141  8:41  Marine  
  141  8:42  Marine x2  
  141  8:43  Medivac  
  130  8:49  Medivac  
  130  8:53  Marauder  
  130  8:55  Marine x3  
  136  9:04  Marine x3  
  136  9:09  Terran Vehicle Weapons Level 1  
  141  9:10  Widow Mine x2  
  141  9:11  Barracks Tech Lab  
  141  9:12  Barracks Reactor  
  141  9:13  Missile Turret, Marine x2  
  141  9:14  Supply Depot, SCV  
  141  9:15  SCV, Marauder  
  149  9:20  Medivac, Supply Depot  
  151  9:29  Planetary Fortress  
  153  9:31  Widow Mine x2  
  153  9:35  Factory  
  153  9:36  Unknown, Marauder  
  153  9:37  Marauder  
  159  9:38  Marine x4  
  159  9:42  Sensor Tower  
  159  9:43  Missile Turret  
  159  9:44  Missile Turret  
  163  9:48  SCV  
  163  9:49  SCV  
  165  9:53  Marine x4, Marauder  
  165  9:57  SCV  
  165  9:58  Marine x2, Marauder  
  165  9:59  Missile Turret  
  172  10:00  SCV  
  172  10:01  Terran Infantry Weapons Level 3  
  171  10:09  Terran Infantry Armor Level 3  
  171  10:10  Marine x3  
  171  10:11  Marine  
  175  10:15  Widow Mine x2  
  175  10:18  Missile Turret  
  175  10:20  Factory Tech Lab  
  175  10:21  SCV x2  
  181  10:22  SCV  
  181  10:25  Missile Turret  
  181  10:26  Missile Turret  
  182  10:36  Marine x4, Marauder x2  
  190  10:47  Thor  
  190  10:48  Supply Depot  
  190  10:49  Supply Depot  
  196  10:52  Command Center  
  196  10:55  Refinery, Drilling Claws  
  196  10:57  Command Center  
  196  11:06  Marine  
  196  11:08  Widow Mine  
  196  11:09  Widow Mine  
  193  11:11  Medivac  
  193  11:12  Medivac  
  193  11:16  Marine  
  193  11:17  Marauder  
  200  11:23  Marine x2  
  198  11:32  Thor  
  189  11:35  Marine x2  
  189  11:36  Marine x5, Marauder  
  189  11:37  Marine  
  199  11:41  Marine  
  200  11:51  Missile Turret  
  200  11:52  Sensor Tower, Refinery  
  200  11:58  Terran Vehicle Weapons Level 2  
  200  12:01  Unknown x3  
  189  12:10  Widow Mine x2  
  189  12:11  Marine, Marauder x3  
  200  12:19  Factory  
  198  12:35  Widow Mine x2  
  194  12:39  Marauder x3  
  199  12:58  Widow Mine  
  199  13:01  Missile Turret  
  199  13:02  Marine x4, Missile Turret  
  199  13:04  Missile Turret  
  193  13:15  Thor, Widow Mine  
  193  13:17  Marine x6  
  197  13:20  Marine x3  
  197  13:22  Widow Mine  
  197  13:25  Factory Tech Lab  
  194  13:27  Planetary Fortress  
  194  13:30  Marine x2  
  196  13:35  Marine x2  
  196  13:36  Marine x2  
  198  13:49  Command Center  
  189  13:58  Thor x2  
  189  14:00  Marauder x3  
  189  14:02  Structure Armor  
  198  14:07  Marine x8  
  192  14:11  Widow Mine x2  
  192  14:15  Missile Turret  
  192  14:20  Medivac x2  
  192  14:21  Marine x3  
  199  14:25  Marine  
  199  14:31  Marine x2  
  190  14:46  Missile Turret  
  190  14:47  Missile Turret  
  190  14:53  Concussive Shells  
  190  14:56  Factory Tech Lab  
  190  15:00  Thor, Widow Mine x2  
  190  15:03  Marine x2  
  190  15:04  Marine x3, Marauder x2  
  200  15:13  Unknown x3, Marine x4  
  173  15:15  Widow Mine  
  173  15:20  Orbital Command  
  164  15:21  Command Center  
  164  15:22  Widow Mine  
  164  15:23  Marine x4  
  164  15:26  Command Center  
  170  15:28  Marine x3  
  170  15:31  Widow Mine  
  170  15:33  Missile Turret  
  170  15:34  Marine x4  
  170  15:35  Unknown x3  
  179  15:36  Widow Mine  
  179  15:42  Thor, Marine x4  
  185  15:44  Widow Mine  
  193  15:54  Marine x4  
  197  15:59  Starport x2  
  197  16:00  Armory  
  197  16:03  Marine x2  
  187  16:06  Marine x5  
  165  16:11  Marine x2  
  165  16:13  Widow Mine x2  
  165  16:14  Marine x2  
  165  16:20  Marine x2  
  165  16:22  SCV  
  165  16:23  SCV x2  
  165  16:24  Marine x4  
  165  16:25  Medivac x2  
  169  16:27  Widow Mine  
  169  16:31  SCV  
  171  16:34  SCV  
  171  16:35  SCV x2  
  152  16:43  SCV  
  152  16:47  SCV  
  147  16:48  SCV  
  147  16:53  Missile Turret  
  132  16:54  Missile Turret  
  132  16:55  Orbital Command  
  132  16:56  Marine x3, Marauder x3  
  132  16:58  Medivac x2  
  145  17:01  Marine x2  
  145  17:02  Marine x3  
  145  17:05  Unknown x3  
  145  17:06  Widow Mine x2  
  150  17:13  Marine x2  
  150  17:14  Orbital Command  
  150  17:15  Missile Turret  
  152  17:17  Marauder x3  
  152  17:19  Marine x3  
  152  17:20  Marine  
  166  17:28  Sensor Tower  
  166  17:31  Marine x2  
  166  17:36  Viking x2  
  167  17:37  SCV x2  
  167  17:39  Marauder  
  171  17:46  Starport  
  171  17:48  Starport  
  171  17:50  Unknown x2  
  171  17:51  Unknown x3  
  171  17:52  Liberator  
  171  17:53  Liberator  
  171  17:55  SCV x4  
  171  17:58  SCV x2  
  177  17:59  Marine x4  
  177  18:02  Orbital Command  
  177  18:03  Widow Mine x3  
  193  18:15  Marine x4  
  188  18:23  Starport Reactor  
  163  18:30  Marine x2  
  163  18:31  Marine x2, Marauder x2  
  163  18:32  Widow Mine x2  
  154  18:43  Starport Tech Lab  
  154  18:45  Orbital Command  
  147  18:53  Marine x4  
  147  18:54  Refinery  
  149  18:56  Refinery  
  149  18:58  Medivac x2  
  149  19:00  Viking x2, Widow Mine x2  
  157  19:04  Marine x3  
  154  19:11  Liberator  
  154  19:14  Liberator x2  
  154  19:15  SCV x2  
  154  19:17  SCV  
  160  19:27  Refinery  
  162  19:33  Refinery  
  162  19:34  Unknown  
  162  19:35  Unknown x3, Refinery, Armory x2  
  162  19:38  Marine x4, Widow Mine x2  
  166  19:42  Missile Turret  
  170  19:51  Marine x7  
  171  19:56  SCV x3  
  171  19:57  Liberator x2, SCV  
  177  20:09  SCV x2  
  177  20:12  Command Center  
  183  20:16  Marauder x3  
  183  20:20  Liberator  
  187  20:22  Raven  
  187  20:27  Terran Ship Weapons Level 1  
  187  20:30  Terran Vehicle And Ship Armor Level 1  
  183  20:44  Command Center  
  183  20:45  SCV x2  
  179  20:50  Marine x4  
  179  20:53  Marine x3  
  179  20:54  SCV x2  
  179  20:57  Marine x4  
  177  21:00  Cyclone x2  
  183  21:07  Marine x2  
  183  21:08  Raven, Marine x2  
  183  21:17  Medivac x2  
  179  21:23  Liberator x2  
  162  21:34  Ghost Academy  
  156  21:42  Liberator  
  156  21:43  SCV x3  
  156  21:44  Planetary Fortress, SCV x2  
  167  21:56  Marauder x3  
  167  22:00  Viking  
  178  22:01  Unknown  
  178  22:08  Unknown  
  178  22:09  Marine x2  
  178  22:10  Unknown x2  
  175  22:16  Marine x2  
  176  22:23  Missile Turret  
  175  22:32  Ghost x2  
  180  22:44  Ghost  
  180  22:48  Terran Ship Weapons Level 2  
  180  22:49  Terran Vehicle And Ship Armor Level 2  
  180  22:55  Unknown x2  
  180  23:07  Marine x4  
  164  23:20  SCV x2  
  164  23:22  Ghost  
  164  23:23  Ghost  
  164  23:25  Command Center  
  167  23:31  Fusion Core  
  165  23:35  Medivac, Viking x3  
  165  23:36  Medivac, SCV  
  178  23:42  Unknown x2  
  178  23:43  Unknown x2  
  176  23:50  Ghost  
  176  23:51  Ghost  
  177  24:18  Personal Cloaking, Ghost Academy x2  
  177  24:25  Advanced Ballistics  
  177  24:26  Sensor Tower, Ghost x2  
  181  24:47  Ghost x2  
  181  24:48  Nuke  
  181  24:49  Nuke  
  185  24:54  Marine x4  
  185  24:55  Marine x4  
  192  25:08  Command Center  
  192  25:13  Unknown x4  
  186  25:14  Unknown  
  186  25:26  Planetary Fortress  
  186  25:31  Unknown x3, Viking x3  
  186  25:32  Unknown x2, Terran Ship Weapons Level 3  
  192  25:44  Refinery, Missile Turret, Marine x3, Marauder x2  
  192  25:45  Missile Turret  
  192  25:48  Refinery  
  192  25:49  Unknown  
  199  26:15  Terran Vehicle And Ship Armor Level 3  
  199  26:25  Marine x4, Marauder x2  
  177  26:27  Marine x2, Marauder x2  
  177  26:31  Unknown x2  
  176  26:43  Marine x4  
  184  26:54  Marauder x2  
  184  27:01  Marine x3  
  187  27:04  Marine x2  
  187  27:05  Liberator x3  
  187  27:08  Unknown x3  
  189  27:10  SCV  
  189  27:11  SCV x2  
  188  27:20  Planetary Fortress  
  188  27:21  Raven  
  185  27:24  Nuke x2  
  191  27:31  Planetary Fortress  
  191  27:36  Missile Turret x2  
  189  27:37  Marauder x2  
  189  27:39  Missile Turret  
  189  27:40  Marine x4  
  197  27:53  Marine x3  
  200  28:00  Missile Turret  
  200  28:01  Missile Turret  
  177  28:07  SCV x2  
  177  28:08  SCV  
  178  28:13  Marauder  
  178  28:14  Marauder  
  178  28:19  Medivac x2, Marine x4  
  182  28:23  SCV x2  
  182  28:24  SCV x4  
  188  28:28  SCV  
  188  28:30  Raven  
  188  28:33  Unknown x2  
  191  28:35  SCV  
  191  28:36  Unknown x4, SCV  
  191  28:40  Unknown x2  
  193  28:41  Marine x2  
  193  28:42  Marine, Marauder x2  
  200  28:48  Unknown  
  200  28:50  Nuke  
  200  29:03  Missile Turret  
  200  29:08  Liberator  
  194  29:13  Liberator x2  
  169  29:23  Raven  
  161  29:26  Marine x4  
  161  29:27  Liberator, Refinery, Marauder x2  
  161  29:28  Marine x2  
  167  29:36  Marine x2  
  165  29:44  Marine x4  
  170  29:46  Marine x2  
  170  29:51  Marine x2  
  174  29:52  Liberator  
  174  29:58  Ghost x2  
  174  29:59  Unknown  
  178  30:00  Unknown  
  173  30:08  Ghost  
  176  30:14  Marine x3  
  180  30:22  Unknown, Marine  
  180  30:27  Viking, Marine x2  
  183  30:32  Marine  
  182  30:36  Unknown x5  
Tags
 
Add a new tag
Caveats
  • Supply blocks, unpowered buildings, or Contaminate may cause inaccurate times.
  • Supply counts are checked every 10 seconds.